 Dungeon Crawl Stone Soup version 0.27.0-1-g7a089689b8 (webtiles) character file.

Game seed: 8858352230689063002

7772 GordonOverkill the Fighter (level 11, -3/80 HPs)
             Began as an Octopode Arcane Marksman on Aug 11, 2021.
             Was an Initiate of Ashenzari.
             Slain by a seven-headed hydra (13 damage)
             ... on level 11 of the Dungeon.
             The game lasted 00:37:27 (15676 turns).

GordonOverkill the Fighter (OpAM)                  Turns: 15676, Time: 00:37:28

Health: -3/80      AC:  5    Str: 10    XL:     11   Next: 20%
Magic:  22/32      EV: 13    Int: 19    God:    Ashenzari [......]
Gold:   3          SH:  5    Dex: 18    Spells: 8/26 levels left

rFire    . . .     SeeInvis .   u - +3 dagger (venom)
rCold    . . .     Faith    .   (no shield)
rNeg     . . .     Spirit   .   (helmet restricted)
rPois    +         Reflect  +   y - amulet of reflection
rElec    .         Harm     .   d - ring "Bound Trepidation" {AC+4, Fort, Bglg} (curse)
rCorr    .         Rampage  .   i - ring of poison resistance
Will     .....                  r - ring of magical power
Stlth    +++.......             D - +6 ring of dexterity
HPRegen  0.23/turn              (no ring)
MPRegen  0.23/turn              (no ring)
                                (no ring)
                                (no ring)

@: very slightly contaminated
A: almost no armour, amphibious, 8 rings, camouflage 1, gelatinous body 1,
(nimble swimmer 1), tentacles
a: Renounce Religion, Shatter the Chains


You were on level 11 of the Dungeon.
You worshipped Ashenzari.
Ashenzari was noncommittal.
You visited 2 branches of the dungeon, and saw 12 of its levels.

You collected 563 gold pieces.
You spent 560 gold pieces at shops.

Inventory:

Hand Weapons
 c - a +6 dire flail
 j - a +5 mace
 u - a +3 dagger of venom (weapon)
Missiles
 a - a javelin
 f - a silver javelin
 p - 2 curare-tipped darts
 v - 2 datura-tipped darts
Jewellery
 d - the cursed ring "Bound Trepidation" (left tentacle) {AC+4, Fort, Bglg}
   (You found it on level 2 of the Dungeon)

   [ring of protection]

   AC:        It affects your AC (+4).
   It has a curse which improves the following skills: Fortitude: Shields.
   Beguiling: Conjurations, Hexes and Translocations.
 i - a ring of poison resistance (right tentacle)
 r - a ring of magical power (on tentacle)
 y - an amulet of reflection (around mantle)
 D - a +6 ring of dexterity (on tentacle)
 I - a ring of ice
Wands
 z - a wand of iceblast (20)
 A - a wand of flame (15)
 G - a wand of acid (1)
 J - a wand of charming (10)
Scrolls
 e - 2 scrolls of teleportation
 g - a scroll of brand weapon
 n - 2 scrolls of immolation
 q - 2 scrolls of vulnerability
 s - a scroll of amnesia
 t - a scroll of silence
 w - 4 scrolls of magic mapping
 C - a scroll of enchant armour
 E - a scroll of fog
Potions
 b - 3 potions of flight
 h - a potion of brilliance
 k - a potion of resistance
 l - a potion of curing
 x - 2 potions of magic
 B - a potion of mutation
 F - a potion of lignification


   Skills:
 - Level 9.0 Fighting
 - Level 3.0 Short Blades
 - Level 5.0 Throwing
 - Level 2.0 Dodging
 - Level 8.0 Spellcasting
 + Level 7.4(7.9) Conjurations
 + Level 3.0(3.4) Hexes
 - Level 5.0 Air Magic
 - Level 5.0 Evocations


You had 8 spell levels left.
You knew the following spells:

 Your Spells              Type           Power      Damage    Failure   Level
a - Corona                Hex            22%        N/A       2%          1
b - Slow                  Hex            20%        N/A       3%          2
c - Cause Fear            Hex            10%        N/A       22%         4
d - Airstrike             Air            13%        N/A       12%         4
e - Orb of Destruction    Conj           18%        9d8       96%         7

Your spell library contained the following spells:

 Spells                   Type           Power      Damage    Failure   Level
 Animate Skeleton         Necr           14%        N/A       9%          1
 Pain                     Necr           28%        1d5       9%          1
 Summon Small Mammal      Summ           28%        N/A       9%          1
 Portal Projectile        Hex/Tloc       28%        N/A       13%         3
 Inner Flame              Hex/Fire       14%        N/A       14%         3
 Summon Guardian Golem    Hex/Summ       14%        N/A       14%         3
 Lightning Bolt           Conj/Air       16%        1d30      19%         5
 Call Canine Familiar     Summ           7%         N/A       26%         3
 Vampiric Draining        Necr           3%         2d6       26%         3
 Summon Lightning Spire   Summ/Air       17%        N/A       32%         4
 Spellforged Servitor     Conj/Summ      11%        N/A       100%        7


Dungeon Overview and Level Annotations

Branches:
Dungeon (11/15)            Temple (1/1) D:6             Orc (0/2) D:10
   Lair: D:8-11

Altars:
Ashenzari
Dithmenos
Elyvilon
Fedhas
Gozag
Kikubaaqudgha
Makhleb
Nemelex Xobeh
Okawaru
Qazlal
Ru
Sif Muna
Trog
Uskayaw
Wu Jian
Xom
Yredelemnul

Shops:
D:1 *   D:10 ?

Annotations:
D:4 2 runed translucent doors, FIQ's ghost, weakling HODe
D:5 2 transporters
D:6 3 runed translucent doors, IsvaffelMax's ghost, novice HuTm
D:8 2 transporters, Gastronok; Joseph; KamiKatze's ghost, journeyman VSFi


Innate Abilities, Weirdness & Mutations

You cannot wear most types of armour.
You are amphibious.
You can wear up to eight rings at the same time.
Your skin changes colour to match your surroundings (Stealth+).
Your rubbery body absorbs attacks. (AC +1, EV +1)
((You are camouflaged near water. (Stealth+)))
You have tentacles for arms and can constrict up to eight enemies at once.


Message History

Unknown command.
Casting: Cause Fear (dangerous; 22% risk of failure)
Confirm with . or Enter, or press ? or * to list all spells.
Okay, then.
Unknown command.
Casting: Cause Fear (dangerous; 22% risk of failure)
Confirm with . or Enter, or press ? or * to list all spells.
The seven-headed hydra resists with almost no effort.
You block the seven-headed hydra's attack.
The seven-headed hydra bites you!
* * * LOW HITPOINT WARNING * * *
The seven-headed hydra barely misses you.
The seven-headed hydra bites you!
* * * LOW HITPOINT WARNING * * *
The seven-headed hydra bites you.
* * * LOW HITPOINT WARNING * * *
The seven-headed hydra bites you!
* * * LOW HITPOINT WARNING * * *
The seven-headed hydra closely misses you.
Okay, then.
Casting: Cause Fear (dangerous; 22% risk of failure)
Press: ? - help, Q - select action, (/) - cycle Dir - look around, f - activate
Okay, then.
Unknown command.
You feel much better.
You block the seven-headed hydra's attack.
The seven-headed hydra misses you. The seven-headed hydra bites you!
* * * LOW HITPOINT WARNING * * *
The seven-headed hydra bites you.
* * * LOW HITPOINT WARNING * * *
The seven-headed hydra misses you.
The seven-headed hydra closely misses you.
The seven-headed hydra bites you!
* * * LOW HITPOINT WARNING * * *
Okay, then.
As you read the scroll of summoning, it crumbles to dust.
Wisps of shadow whirl around you... The seven-headed hydra bites you!
* * * LOW HITPOINT WARNING * * *
The seven-headed hydra bites you!
You die...

###########
....o...o.#
..........#
..........#
.......oH.#
.......o..#
......$.D@#
....o.....#
##..##.C...
#.. #..####
#.. .....
#. ......
......
.....


You could see a seven-headed hydra (ally target), a friendly manticore
(summoned), a friendly cyclops (summoned), a friendly orc warrior (summoned), a
friendly orc priest (summoned) and 3 friendly orcs.

Vanquished Creatures
  4 two-headed ogres
  A manticore (D:10)
  Psyche (D:8)
  Prince Ribbit (D:8)
  3 yaks (D:10)
  A warg (D:10)
  Menkaure (D:7)
  Edmund (D:5)
  2 acid dragons
  A water moccasin (D:8)
  5 orc warriors
  Duvessa (D:5)
  2 ice beasts
  3 sky beasts
  An ogre (D:4)
  A necrophage (D:4)
  A centaur (D:9)
  3 kobold brigands
  4 bullfrogs
  3 scorpions (D:6)
  Dowan (D:5)
  8 killer bees (D:9)
  A howler monkey (D:4)
  3 wights
  2 centaur zombies
  A hound (D:6)
  A bullfrog zombie (D:5)
  A jelly (D:6)
  7 orc priests
  A bullfrog skeleton (D:6)
  3 iguanas
  7 orc wizards
  A hound skeleton (D:5)
  A howler monkey zombie (D:4)
  4 gnolls
  8 adders
  A shadow imp (D:7)
  A worm (D:2)
  6 dart slugs
  18 orcs
  4 ball pythons
  6 endoplasms (D:1)
  4 giant cockroaches
  4 goblins
  11 hobgoblins
  22 kobolds
  3 quokkas
  6 bats
  2 frilled lizards
  2 rats
180 creatures vanquished.

Vanquished Creatures (others)
  3 kobolds (D:8)
  5 plants
8 creatures vanquished.

Grand Total: 188 creatures vanquished

Notes
Turn   | Place    | Note
-------+----------+-------------------------------------------
     0 | D:1      | GordonOverkill the Octopode Arcane Marksman began the quest
                  | for the Orb.
     0 | D:1      | Reached XP level 1. HP: 13/13 MP: 2/2
   334 | D:1      | Reached XP level 2. HP: 13/18 MP: 4/4
   756 | D:1      | Reached XP level 3. HP: 23/24 MP: 5/5
   796 | D:1      | Found Hiywaviyqo's General Store.
  1349 | D:2      | Reached skill level 2 in Fighting
  1655 | D:2      | Found an ornate altar of the Wu Jian Council.
  1686 | D:1      | Reached XP level 4. HP: 11/29 MP: 7/7
  3102 | D:2      | Found a faded altar of an unknown god.
  3367 | D:2      | Reached XP level 5. HP: 31/35 MP: 8/8
  3873 | D:3      | Learned a level 2 spell: Slow
  3878 | D:3      | Learned a level 4 spell: Cause Fear
  4151 | D:4      | Noticed an ogre
  4160 | D:4      | Killed an ogre
  4161 | D:4      | Reached skill level 3 in Fighting
  4161 | D:4      | Reached XP level 6. HP: 35/42 MP: 8/10
  4318 | D:4      | Found a shadowy altar of Dithmenos.
  4384 | D:4      | Found a large runed translucent door.
  4385 | D:4      | Found a large runed translucent door.
  4825 | D:4      | Noticed FIQ's ghost (weakling HODe)
  5075 | D:5      | Entered Level 5 of the Dungeon
  5284 | D:5      | Reached skill level 1 in Conjurations
  5284 | D:5      | Reached skill level 1 in Evocations
  5370 | D:5      | Noticed a necrophage
  5371 | D:5      | Noticed Duvessa
  5372 | D:5      | Noticed Dowan
  5477 | D:4      | Killed a necrophage
  5478 | D:4      | Reached XP level 7. HP: 32/47 MP: 1/12
  5600 | D:5      | Killed Duvessa
  5601 | D:5      | Reached skill level 4 in Fighting
  5602 | D:5      | Killed Dowan
  5930 | D:5      | Noticed Edmund
  5972 | D:5      | Killed Edmund
  6025 | D:5      | Found a transporter.
  6290 | D:5      | Found a transporter.
  6722 | D:4      | Reached XP level 8. HP: 39/54 MP: 11/14
  7022 | D:6      | Found a runed translucent gate.
  7022 | D:6      | Found a runed translucent gate.
  7022 | D:6      | Found a runed translucent gate.
  7219 | D:6      | Reached skill level 5 in Throwing
  7548 | D:6      | Found a staircase to the Ecumenical Temple.
  7557 | Temple   | Entered the Ecumenical Temple
  7566 | Temple   | Became a worshipper of Ashenzari the Shackled
  7566 | Temple   | Identified a scroll of acquirement
  7628 | Temple   | HP: 2/50 [wight (5)]
  7935 | Temple   | Reached skill level 5 in Fighting
  8598 | D:6      | Reached skill level 5 in Spellcasting
  8598 | D:6      | Reached XP level 9. HP: 41/61 MP: 14/16
  8925 | D:6      | Noticed IsvaffelMax's ghost (novice HuTm)
  9309 | D:6      | Acquired a ring of magical power
  9805 | D:7      | Noticed Menkaure
  9820 | D:7      | Killed Menkaure
  9821 | D:7      | Reached skill level 1 in Short Blades
 10015 | D:7      | Reached skill level 6 in Fighting
 10015 | D:7      | Reached skill level 5 in Evocations
 10280 | D:8      | Noticed Psyche
 10310 | D:8      | Killed Psyche
 10311 | D:8      | Reached skill level 5 in Conjurations
 10322 | D:8      | Noticed Gastronok
 10435 | D:8      | Learned a level 4 spell: Airstrike
 10467 | D:8      | Found a transporter.
 10469 | D:8      | Noticed KamiKatze's ghost (journeyman VSFi)
 10563 | D:8      | Noticed Prince Ribbit
 10573 | D:8      | Killed Prince Ribbit
 10574 | D:8      | Reached skill level 1 in Air Magic
 11148 | D:8      | Found a transporter.
 11261 | D:8      | Noticed Joseph
 11918 | D:9      | Reached skill level 7 in Fighting
 11918 | D:9      | Reached XP level 10. HP: 37/71 MP: 19/19
 12865 | D:10     | Entered Level 10 of the Dungeon
 12882 | D:10     | Noticed a two-headed ogre
 12905 | D:10     | Killed a two-headed ogre
 13729 | D:10     | Noticed a two-headed ogre
 13729 | D:10     | Noticed a manticore
 13846 | D:10     | Reached skill level 8 in Fighting
 13914 | D:10     | Found a staircase to the Orcish Mines.
 14504 | D:10     | Killed a two-headed ogre
 14505 | D:10     | Reached skill level 5 in Air Magic
 14522 | D:10     | Killed a manticore
 14587 | D:10     | Found Ojolocepn's Magic Scroll Boutique.
 14797 | D:1      | Bought a book of Dangerous Friends for 560 gold pieces
 14805 | D:1      | Learned a level 7 spell: Orb of Destruction
 15113 | D:11     | Reached XP level 11. HP: 47/78 MP: 22/22
 15164 | D:11     | Noticed a two-headed ogre
 15180 | D:11     | Killed a two-headed ogre
 15249 | D:11     | Noticed a two-headed ogre
 15255 | D:11     | Killed a two-headed ogre
 15256 | D:11     | Reached skill level 9 in Fighting
 15421 | D:11     | Noticed a boulder beetle
 15668 | D:11     | Noticed a seven-headed hydra
 15676 | D:11     | Slain by a seven-headed hydra

Illustrated notes

Levels and vault maps discovered:
D:1:      ebering_hopf_link, layout_loops_corners, serial_shops, shop_fountains,
          hangedman_glass_teeth, st_stairs_5
D:2:      layout_rooms, serial_aquarium, aquarium_bridge_square
          [aquarium_subvault_wall, aquarium_subvault_wall,
          aquarium_subvault_bridge, aquarium_subvault_bridge],
          aquarium_window_fake, aquarium_window_3, aquarium_window_2,
          aquarium_window_fake, aquarium_view_2f, aquarium_view_2a,
          aquarium_balcony_3a, aquarium_pool_2, basic_altar,
          ebering_ecumenical_altar_ruins, due_unseen_surprise
D:3:      layout_rooms
D:4:      layout_basic, general_overflow_altar, ebering_ghost_disaster_area
D:5:      gammafunk_cloud_chamber, layout_loops_ring, grunt_ministairs_10,
          uniq_duvessa, uniq_edmund
D:6:      layout_layer_cave, minmay_temple_entry_overgrown,
          gammafunk_ghost_necromancy
D:7:      layout_loops_cross, uniq_menkaure
D:8:      layout_basic, gammafunk_ghost_smash, uniq_prince_ribbit1, uniq_joseph,
          uniq_psyche, uniq_gastronok
D:9:      layout_rooms
D:10:     layout_roguey, david_orc_1_choice, serial_shops,
          nicolae_shop_behind_doors
D:11:     layout_gridville, dpeg_oklobed_lair, minmay_misc_feat_nine_boxes
Temple:   dpeg_three_leaves_temple

Skill      XL: |  1  2  3  4  5  6  7  8  9 10 11 |
---------------+----------------------------------+-----
Fighting       | 2 3 4 5 7 8 9 |  9.0
Spellcasting   | 2 3 4 5 6 7 8 |  8.0
Throwing       | 3 4 5 |  5.0
Conjurations   | 1 2 4 5 6 7 |  7.4
Evocations     | 1 2 4 5 |  5.0
Short Blades   | 3 |  3.0
Air Magic      | 2 5 |  5.0
Dodging        | |  2.0
Hexes          | |  3.0

Action                   |  1- 3 |  4- 6 |  7- 9 | 10-12 || total
-------------------------+-------+-------+-------+-------++-------
Melee: Dagger            |    82 |   153 |   196 |   122 ||   553
       Club              |     5 |       |       |       ||     5
       Constrict         |    25 |    31 |    33 |    22 ||   111
       Unarmed           |     3 |       |       |       ||     3
       Tentacles         |    15 |    25 |    54 |    41 ||   135
       Mace              |       |       |    21 |       ||    21
       Dire flail        |       |       |    19 |       ||    19
Throw: Javelin           |    18 |    16 |    13 |    19 ||    66
       Throwing net      |     2 |     8 |     2 |     1 ||    13
       Dart              |       |       |       |     1 ||     1
 Cast: Slow              |       |     6 |    70 |    81 ||   157
       Cause Fear        |       |       |     1 |     6 ||     7
       Airstrike         |       |       |       |     9 ||     9
       Corona            |       |       |       |     1 ||     1
Invok: Curse Item        |       |       |       |     1 ||     1
Evoke: Wand              |       |       |    30 |    10 ||    40
  Use: Potion            |     3 |       |     3 |     1 ||     7
       Scroll            |       |       |     9 |     3 ||    12
 Stab: Sleeping          |     4 |     3 |     2 |       ||     9
Armor: Skin              |    11 |    39 |    52 |    12 ||   114
Dodge: Dodged            |    68 |    91 |   155 |    60 ||   374
Block: Other             |       |       |    15 |    22 ||    37
       Reflection        |       |       |     2 |       ||     2
